 Seeded DCSS version 0.30.1-11-g7821555f0a (webtiles) character file.

Game seed: 10574354823592160604 (custom seed)

114 Psyclone the Magician (level 4, 26/26 HPs)
             Began as a Deep Elf Conjurer on Nov 20, 2023.
             Quit the game on level 3 of the Dungeon.
             The game lasted 00:01:38 (761 turns).

Psyclone the Magician (Deep Elf Conjurer)            Turns: 761, Time: 00:01:38

Health: 26/26      AC:  5    Str:  4    XL:     4   Next: 66%
Magic:  15/15      EV: 12    Int: 25    God:
Gold:   0          SH:  0    Dex: 13    Spells: 15/18 levels left

rFire   . . .        d - +4 dagger
rCold   . . .        (no shield)
rNeg    . . .        a - +0 robe
rPois   .            (no helmet)
rElec   .            (no cloak)
rCorr   .            (no gloves)
SInv    .            (no boots)
Will    .....        (no amulet)
Stlth   ++           (no ring)
HPRegen 0.24/turn    (no ring)
MPRegen 0.14/turn

%: random rage (9%)
@: no status effects
A: iridescent scales 1, berserk 2, robust 1, shaggy fur 1, wild magic 1,
evolution 1
a: no special abilities


You were on level 3 of the Dungeon.
You visited 1 branch of the dungeon, and saw 4 of its levels.

Inventory:

Hand Weapons
 d - a +4 dagger (weapon)
Armour
 a - a +0 robe (worn)
Scrolls
 e - a scroll of identify {unknown}
 f - a scroll of enchant armour {unknown}
 g - a scroll of amnesia {unknown}
Potions
 b - a potion of magic
 c - a potion of mutation


   Skills:
 - Level 2.4 Dodging
 - Level 2.4 Stealth
 + Level 7.8 Spellcasting
 * Level 7.8 Conjurations
 - Level 4.6 Hexes
 - Level 3.6 Translocations


You had 15 spell levels left.
You knew the following spells:

 Your Spells              Type           Power      Damage    Failure   Level
a - Magic Dart            Conj           100%       1d8       1%          1
b - Searing Ray           Conj           100%       2d8       1%          2

Your spell library contained the following spells:

 Spells                   Type           Power      Damage    Failure   Level
 Dazzling Flash           Conj/Hex       100%       N/A       2%          3
 Fulminant Prism          Conj/Hex       26%        3d14      8%          4
 Iskenderun's Mystic Bla  Conj/Tloc      50%        2d11      10%         4


Dungeon Overview and Level Annotations

Branches:
Dungeon (4/15) Zot: 23240
 Temple: D:4-7

Altars:
Cheibriados
Hepliaklqana


Innate Abilities, Weirdness & Mutations

You are partially covered in iridescent scales. (AC +2)
You have an uncontrollable temper.
You are robust. (+10% HP)
You are covered in fur. (AC +1)
Your spells are a little harder to cast, but a little more powerful.
You have hidden genetic potential.


Message History

Unknown command.
Found a snail-covered altar of Cheibriados.
A scorpion comes into view.
Found a spear.
Casting: Magic Dart (safe; 1% risk of failure)
Confirm with . or Enter, or press ? or * to list all spells.
You can't see any susceptible monsters within range! (Use Z to cast anyway.) Unknown command.
Found a stone staircase leading up.
Casting: Magic Dart (safe; 1% risk of failure)
Confirm with . or Enter, or press ? or * to list all spells.
You can't see any susceptible monsters within range! (Use Z to cast anyway.) Unknown command.
Casting: Magic Dart (safe; 1% risk of failure)
Confirm with . or Enter, or press ? or * to list all spells.
You can't see any susceptible monsters within range! (Use Z to cast anyway.)
Found a stone staircase leading down.
MP restored: 15
There is a stone staircase leading up here.
You climb upwards.
Found a ring mail and a scroll labelled ZUMUPP KOGYDGH.
There is a stone staircase leading down here.
Casting: Magic Dart (safe; 1% risk of failure)
Confirm with . or Enter, or press ? or * to list all spells.
Aiming: Magic Dart (safe; 1% risk of failure)
Press: ? - help, Shift-Dir - straight line, f - endoplasm
Aim: an endoplasm (wandering, hasn't noticed you, 100% to hit)
The magic dart hits the endoplasm.
You kill the endoplasm!
You now have 14/15 mp.
Why would you want to do that?
MP restored: 15
g - a scroll labelled ZUMUPP KOGYDGH
Found a hazy altar of Hepliaklqana.
Found a coppery potion.
h - a coppery potion It was a potion of heal wounds.
You feel much better.
Unknown command.
Unknown command.
Are you sure you want to abandon this character and quit the game? (Confirm with "yes".)

..............##.##.#
#..###.<.........##.#
# #....>....†....#
######.#######.###
#.# #...# ##.###
#.#.# .... ...#†#
##.########.#
#.@<........#
#.....#...#######
#.##.###..# ##.#
##.## #.## ##.# ##.##
##.## ##.###..#
##.#.#.# # #...#.#


There were no monsters in sight!

Vanquished Creatures
  An iguana (D:4)
  A sleepcap (D:4)
  An adder (D:3)
  2 worms (D:2)
  A dart slug (D:1)
  A ball python (D:4)
  An endoplasm (D:3)
  A giant cockroach (D:1)
  2 goblins (D:1)
  A quokka (D:3)
  2 bats (D:1)
  A frilled lizard (D:3)
  2 kobolds (D:1)
  3 rats
20 creatures vanquished.

Notes
Turn   | Place    | Note
-------+----------+-------------------------------------------
     0 | D:1      | Psyclone the Deep Elf Conjurer began the quest for the Orb.
     0 | D:1      | Reached XP level 1. HP: 10/10 MP: 6/6
    60 | D:1      | Gained mutation: You sometimes lose your temper in combat.
                  | [potion of mutation]
    60 | D:1      | Gained mutation: You have an uncontrollable temper. [potion
                  | of mutation]
    60 | D:1      | Gained mutation: You do not regenerate when monsters are
                  | visible. [potion of mutation]
    60 | D:1      | Gained mutation: You have hidden genetic potential. [potion
                  | of mutation]
   224 | D:1      | Reached XP level 2. HP: 15/15 MP: 6/8
   224 | D:1      | Gained mutation: Your spells are a little harder to cast,
                  | but a little more powerful. [hidden potential]
   255 | D:2      | Learned a level 2 spell: Searing Ray
   323 | D:2      | Reached skill level 5 in Conjurations
   367 | D:2      | Reached XP level 3. HP: 19/19 MP: 9/14
   483 | D:3      | Gained mutation: Your mind is acute. (Int +4, Str/Dex -1)
                  | [hidden potential]
   483 | D:3      | Lost mutation: You have hidden genetic potential. [hidden
                  | potential expressed]
   496 | D:3      | Lost mutation: Your mind is acute. (Int +4, Str/Dex -1)
                  | [potion of mutation]
   496 | D:3      | Lost mutation: You do not regenerate when monsters are
                  | visible. [potion of mutation]
   496 | D:3      | Gained mutation: You have hidden genetic potential. [potion
                  | of mutation]
   496 | D:3      | Gained mutation: You are robust. (+10% HP) [potion of
                  | mutation]
   496 | D:3      | Gained mutation: You are partially covered in iridescent
                  | scales. (AC +2) [potion of mutation]
   523 | D:4      | Reached XP level 4. HP: 26/26 MP: 9/15
   669 | D:4      | Gained mutation: You are covered in fur. (AC +1) [hidden
                  | potential]
   706 | D:4      | Found a snail-covered altar of Cheibriados.
   708 | D:4      | Noticed a scorpion
   730 | D:3      | Found a hazy altar of Hepliaklqana.
   761 | D:3      | Quit the game

Illustrated notes

Levels and vault maps discovered:
D:1:      doesnt_arrival_eight_statues, layout_loops_ring, serial_shops, shop
D:2:      layout_basic
D:3:      layout_loops_ring, mainiacjoe_overflow_brackets
D:4:      layout_layer_cave, nzn_wu_jian_council_hall,
          mainiacjoe_overflow_tiny_flanked, uniq_sigmund

Skill      XL: |  1  2 |
---------------+-------+-----
Conjurations   | 7 |  7.8
Spellcasting   | 7 |  7.8
Hexes          | 4 |  4.6
Translocations | 3 |  3.6
Dodging        | |  2.4
Stealth        | |  2.4

Action                     |  1- 3 |  4- 6 || total
---------------------------+-------+-------++-------
   Cast: Magic Dart        |    19 |     5 ||    24
         Searing Ray       |     5 |     1 ||     6
    Use: Potion            |     4 |     2 ||     6
